 Dungeon Crawl Stone Soup version 0.31-a0-496-g6f97920a28 (webtiles) character file.

Game seed: 2867843576286889330

47 randomguy2701 the Stinger (level 3, -2/21 HPs)
             Began as an Octopode Venom Mage on Aug 8, 2023.
             Slain by a cerulean imp
             ... wielding a +1 spear
             ... summoned by Natasha
              (3 damage)
             ... on level 2 of the Dungeon.
             The game lasted 00:01:38 (1470 turns).

randomguy2701 the Stinger (Octopode Venom Mage)     Turns: 1470, Time: 00:01:39

Health: -2/21      AC:  1    Str:  7    XL:     3   Next: 70%
Magic:  1/6        EV: 13    Int: 19    God:
Gold:   56         SH:  0    Dex: 12    Spells: 5/6 levels left

rFire   . . .        (no weapon)
rCold   . . .        (no shield)
rNeg    . . .        (helmet restricted)
rPois   .            (no amulet)
rElec   .            (no ring)
rCorr   .            (no ring)
SInv    .            (no ring)
Will    .....        (no ring)
Stlth   +++          (no ring)
HPRegen 0.23/turn    (no ring)
MPRegen 0.10/turn    (no ring)
                     (no ring)

%: no passive effects
@: slowed, very slow
A: almost no armour, amphibious, 8 rings, camouflage 1, gelatinous body 1,
(nimble swimmer 1), tentacles
a: no special abilities


You were on level 2 of the Dungeon.
You visited 1 branch of the dungeon, and saw 2 of its levels.

You collected 56 gold pieces.

Inventory:

Missiles
 g - a throwing net
Scrolls
 d - 2 scrolls of identify {unknown}
 f - a scroll of teleportation {unknown}
Potions
 a - a potion of magic
 b - 2 potions of curing {unknown}
 c - a potion of lignification {unknown}
 e - a potion of brilliance {unknown}
 h - a potion of might {unknown}


   Skills:
 + Level 2.3 Dodging
 + Level 3.0 Stealth
 + Level 0.3 Unarmed Combat
 + Level 2.4 Spellcasting
 + Level 1.4 Transmutations
 + Level 4.4 Poison Magic


You had 5 spell levels left.
You knew the following spells:

 Your Spells              Type           Power      Damage    Failure   Level
a - Sting                 Tmut/Pois      52%        1d5       4%          1

Your spell library contained the following spells:

 Spells                   Type           Power      Damage    Failure   Level
 Poisonous Vapours        Pois/Air       20%        N/A       10%         2
 Ignite Poison            Fire/Tmut/Pois 9%         N/A       22%         3
 Mephitic Cloud           Conj/Pois/Air  7%         N/A       26%         3
 Olgreb's Toxic Radiance  Pois           19%        N/A       26%         4
 Dazzling Flash           Conj/Hex       4%         N/A       43%         3
 Volatile Blastmotes      Fire/Tloc      4%         2d10      43%         3
 Sticky Flame             Conj/Fire      2%         2d3       85%         4
 Starburst                Conj/Fire      1%         6d3       100%        6
 Malign Gateway           Summ/Tloc      1%         N/A       100%        7
 Ignition                 Fire           1%         3d3       100%        8
 Maxwell's Capacitive Co  Air            1%         ∞         100%        8
 Summon Horrible Things   Summ           1%         N/A       100%        8


Dungeon Overview and Level Annotations

Branches:
Dungeon (2/15)

Altars:

Annotations:
D:2 Natasha


Innate Abilities, Weirdness & Mutations

You cannot wear most types of armour.
You are amphibious.
You can wear up to eight rings at the same time.
Your skin changes colour to match your surroundings (Stealth+).
Your rubbery body absorbs attacks. (AC +1, EV +1)
((You are camouflaged when in or above water. (Stealth+)))
You have tentacles for arms and can constrict up to eight enemies at once.


Message History

Aiming: Sting (safe; 4% risk of failure)
Press: ? - help, Shift-Dir - straight line, f/p - jackal
Aim: a jackal (heavily wounded, poisoned, 64% to hit)
The sting hits the jackal.
The jackal looks even sicker.
You kill the jackal!
Natasha completely misses you.
Casting: Sting (safe; 4% risk of failure)
Confirm with . or Enter, or press ? or * to list all spells.
Aiming: Sting (safe; 4% risk of failure)
Press: ? - help, Shift-Dir - straight line, f - Natasha
Aim: Natasha (64% to hit)
The sting hits Natasha but does no damage.
Natasha is poisoned.
Natasha barely misses you.
Casting: Sting (safe; 4% risk of failure)
Confirm with . or Enter, or press ? or * to list all spells.
Aiming: Sting (safe; 4% risk of failure)
Press: ? - help, Shift-Dir - straight line, f/p - Natasha
Aim: Natasha (poisoned, 64% to hit)
The sting misses Natasha.
You feel yourself speed up. Natasha barely misses you. Natasha claws you.
* * * LOW HITPOINT WARNING * * *
Casting: Sting (safe; 4% risk of failure)
Confirm with . or Enter, or press ? or * to list all spells.
Aiming: Sting (safe; 4% risk of failure)
Press: ? - help, Shift-Dir - straight line, f/p - Natasha
Aim: Natasha (poisoned, 64% to hit)
The sting hits Natasha.
Natasha looks even sicker.
Natasha is lightly wounded.
Natasha claws you but does no damage.
Natasha howls an incantation.
Natasha glows brightly for a moment.
Natasha hisses.
Natasha stares at you and mumbles some strange words.
You feel yourself slow down.
Natasha mumbles some strange words.
The cerulean imp hits you from afar with a +1 spear.
* * * LOW HITPOINT WARNING * * *
The cerulean imp hits you from afar with a +1 spear.
You die...

#.#### #.# #....# #.#
####.# #.# #.# #.#
#.#######. ### #.#
##......... ...
#####.#.######. ..
#.wh†###..h.###.#..#
##.###.#.###5.@.....#
##..# ##..#
#####.##.# ##..##
##.# .. #..## #.# ##
w.## #.. ##### ####
.h..####. .........
.......$.


You could see Natasha (poisoned) and a cerulean imp (summoned).

Vanquished Creatures
  An adder (D:2)
  A dart slug (D:2)
  3 endoplasms
  3 giant cockroaches
  3 goblins
  5 hobgoblins
  3 jackals (D:2)
  A kobold (D:2)
  A quokka (D:1)
  2 ball pythons (D:1)
  A bat (D:1)
  7 frilled lizards (D:1)
  2 rats
33 creatures vanquished.

Notes
Turn   | Place    | Note
-------+----------+-------------------------------------------
     0 | D:1      | randomguy2701 the Octopode Venom Mage began the quest for
                  | the Orb.
     0 | D:1      | Reached XP level 1. HP: 11/11 MP: 3/3
   138 | D:1      | Reached XP level 2. HP: 17/17 MP: 0/5
   688 | D:1      | Reached skill level 4 in Poison Magic
   857 | D:1      | Reached XP level 3. HP: 19/21 MP: 1/6
  1442 | D:2      | Noticed Natasha
  1469 | D:2      | HP: 1/21 [cerulean imp/+1 spear[Natasha] (5)]
  1470 | D:2      | Slain by a cerulean imp

Illustrated notes

Levels and vault maps discovered:
D:1:      dpeg_arrival_tiny_h, layout_basic, minmay_misc_feat_alley,
          chequers_decorated_corner, st_stairs_2, hangedman_decor_points,
          serial_park_tiny_1
D:2:      layout_loops_corners, skrybe_limestone_x, uniq_natasha

Skill      XL: |  1  2  3 |
---------------+----------+-----
Poison Magic   | 4 |  4.4
Stealth        | 3 |  3.0
Dodging        | |  2.3
Unarmed Combat | |  0.3
Spellcasting   | |  2.4
Transmutations | |  1.4

Action                     || total
---------------------------++-------
  Melee: Unarmed           ||     6
         Constrict         ||     2
         Tentacles         ||     1
   Cast: Sting             ||    72
 Armour: Skin              ||     4
  Dodge: Dodged            ||    36

Table legend: (Time is in decaauts)
 A = Elapsed time spent in this place.
 B = Non-inter-level travel time spent in this place.
 C = Inter-level travel time spent in this place.
 D = Time resting spent in this place.
 E = Time spent auto-exploring this place.
 F = Levels seen in this place.
 G = Mean time per level.
                   A        B        C        D        E       F      G
               +--------+--------+--------+--------+--------+-----+--------+
         Total |   1478 |   1467 |     11 |      0 |   1225 |   2 |  739.0 |
       Dungeon |   1478 |   1467 |     11 |      0 |   1225 |   2 |  739.0 |
               +--------+--------+--------+--------+--------+-----+--------+

Top non-repeatable levels by time:
     D:1: 974 daAuts
     D:2: 504 daAuts
